 Dungeon Crawl Stone Soup version 0.28.0-49-g6dfe1f597d (webtiles) character file.

Game seed: 12684589859205614565

53 Zeld the Stinger (level 3, -2/31 HPs)
             Began as a Naga Venom Mage on May 15, 2022.
             Killed by nerve-wracking pain
             ... invoked by a shadow imp
              (6 damage)
             ... on level 3 of the Dungeon.
             The game lasted 00:03:29 (3726 turns).

Zeld the Stinger (Naga Venom Mage)                  Turns: 3726, Time: 00:03:29

Health: -2/31      AC:  2    Str: 12    XL:     3   Next: 87%
Magic:  3/6        EV: 10    Int: 15    God:
Gold:   118        SH:  0    Dex: 11    Spells: 0/6 levels left

rFire   . . .      SeeInvis +   (no weapon)
rCold   . . .      Faith    .   (no shield)
rNeg    . . .      Spirit   .   a - +0 robe
rPois   +          Reflect  .   (no helmet)
rElec   .          Harm     .   (no cloak)
rCorr   .          Rampage  .   (no gloves)
Will    .....                   (no barding)
Stlth   ++........              (no amulet)
HPRegen 0.10/turn               (no ring)
MPRegen 0.10/turn               (no ring)

@: very slightly contaminated, very slow
A: AC +1, large, see invisible, deformed body, poison resistance, slowness 2,
spit poison 1, naga tail 1
a: Spit Poison


You were on level 3 of the Dungeon.
You visited 1 branch of the dungeon, and saw 3 of its levels.

You collected 118 gold pieces.

Inventory:

Armour
 a - a +0 robe (worn)
Wands
 f - a wand of polymorph (7)
Scrolls
 b - 2 scrolls of identify {unknown}
 d - a scroll of summoning {unknown}
 e - a scroll of holy word {unknown}
Potions
 c - a potion of lignification {unknown}


   Skills:
 * Level 1.0 Fighting
 + Level 0.4 Armour
 * Level 2.0 Dodging
 * Level 3.7 Stealth
 * Level 2.4 Spellcasting
 + Level 1.3 Transmutations
 * Level 4.3 Poison Magic


You couldn't memorise any spells.
You knew the following spells:

 Your Spells              Type           Power      Damage    Failure   Level
a - Sting                 Tmut/Pois      40%        1d5       7%          1
b - Poisonous Vapours     Pois/Air       16%        N/A       13%         2
c - Mephitic Cloud        Conj/Pois/Air  6%         N/A       34%         3

Your spell library contained the following spells:

 Spells                   Type           Power      Damage    Failure   Level
 Olgreb's Toxic Radiance  Pois           14%        N/A       34%         4


Dungeon Overview and Level Annotations

Branches:
Dungeon (3/15)

Altars:

Annotations:
D:3 3 runed translucent doors, Modestlyawesome's ghost, weakling DsGl


Innate Abilities, Weirdness & Mutations

Your serpentine skin is tough. (AC +1)
You have supernaturally acute eyesight. (SInv)
Armour fits poorly on your strangely shaped body.
Your system is resistant to poisons. (rPois)
You cover ground very slowly.
You can spit poison.
You have a snake-like lower body.


Message History

The shadow imp hits you.
You hit the shadow imp but do no damage.
The shadow imp is lightly wounded.
The shadow imp gestures at you. Pain shoots through your body!
You barely miss the shadow imp.
The shadow imp is lightly wounded.
The shadow imp hits you.
* * * LOW HITPOINT WARNING * * *
Modestlyawesome's ghost whispers, "The ORB doesn't exist."
Casting: Poisonous Vapours (safe; 13% risk of failure)
Confirm with . or Enter, or press ? or * to list all spells.
You can't see any susceptible monsters within range! (Use Z to cast anyway.)
Casting: Poisonous Vapours (safe; 13% risk of failure)
Confirm with . or Enter, or press ? or * to list all spells.
You don't know that spell.
Casting: Poisonous Vapours (safe; 13% risk of failure)
Confirm with . or Enter, or press ? or * to list all spells.
You can't see any susceptible monsters within range! (Use Z to cast anyway.)
Casting: Poisonous Vapours (safe; 13% risk of failure)
Confirm with . or Enter, or press ? or * to list all spells.
The spell is extremely dangerous to miscast (34% risk of failure)!
Continue anyway?
Aiming: Mephitic Cloud (extremely dangerous; 34% risk of failure)
Press: ? - help, Shift-Dir - straight line You miscast Mephitic Cloud.
You are very lightly contaminated with residual magic.
Nothing appears to happen.
The shadow imp closely misses you.
You closely miss the shadow imp. The shadow imp completely misses you.
You closely miss the shadow imp. The shadow imp closely misses you.
You closely miss the shadow imp.
The shadow imp shouts, "Give up, thou peeagling folly-fallen dewberry!"
The shadow imp hits you but does no damage.
You hit the shadow imp but do no damage.
The shadow imp hits you.
* * * LOW HITPOINT WARNING * * *
Modestlyawesome's ghost mumbles, "They all look like pillowcases to me..."
You barely miss the shadow imp. The shadow imp gestures at you.
Pain shoots through your body!
You die...

#.....###
#.#....##.......#
#.......#.....#.#
#.......#.....#.#
##.......#.....#.#
.........#.....#.#
........##.....#.#
........####.###.#
........####.###@#
...............5.#
.........##+++##.#
.......###.KKKK###
####.## #.#KKK#.#
#. #⌠)#W#.⌠# #
#.#...#.#
##.....## ##.(!##


You could see a kobold brigand, Modestlyawesome's ghost, a shadow imp and 6
kobolds.

Vanquished Creatures
  An adder (D:2)
  A dart slug (D:2)
  5 endoplasms
  3 giant cockroaches (D:1)
  3 goblins (D:1)
  3 hobgoblins
  2 jackals (D:1)
  A quokka (D:1)
  6 ball pythons
  3 bats
  4 frilled lizards
  4 kobolds
  2 rats
38 creatures vanquished.

Notes
Turn   | Place    | Note
-------+----------+-------------------------------------------
     0 | D:1      | Zeld the Naga Venom Mage began the quest for the Orb.
     0 | D:1      | Reached XP level 1. HP: 15/15 MP: 3/3
   361 | D:1      | Reached XP level 2. HP: 7/24 MP: 0/5
   371 | D:1      | Learned a level 2 spell: Poisonous Vapours
  1617 | D:1      | Reached XP level 3. HP: 25/30 MP: 1/6
  1621 | D:1      | Learned a level 3 spell: Mephitic Cloud
  2004 | D:1      | Found a faded altar of an unknown god.
  3384 | D:2      | Reached skill level 1 in Fighting
  3696 | D:3      | Noticed Modestlyawesome's ghost (weakling DsGl)
  3696 | D:3      | Noticed a kobold brigand
  3697 | D:3      | Found a runed translucent gate.
  3697 | D:3      | Found a runed translucent gate.
  3697 | D:3      | Found a runed translucent gate.
  3726 | D:3      | Killed from afar by a shadow imp

Illustrated notes

Levels and vault maps discovered:
D:1:      grunt_arrival_crossed_arrows, layout_loops_corners,
          dreamdust_ecumenical_altar_hidden_monk_grotto, minmay_misc_feat_cross
D:2:      minmay_wonky_spiral, layout_basic, kennysheep_boxes
D:3:      layout_basic, gammafunk_ghost_nasty_kobolds, grunt_decor_clamped,
          minmay_quadrilaterals, uniq_crazy_yiuf_cottage

Skill      XL: |  1  2  3 |
---------------+----------+-----
Dodging        | 2 |  2.0
Fighting       | 1 |  1.0
Armour         | |  0.4
Stealth        | |  3.7
Spellcasting   | |  2.4
Transmutations | |  1.3
Poison Magic   | |  4.3

Action                   || total
-------------------------++-------
Melee: Unarmed           ||   101
 Cast: Sting             ||    20
       Poisonous Vapours ||    43
 Abil: Spit Poison       ||     2
Armor: Robe              ||    30
Dodge: Dodged            ||    70
